 Dungeon Sprint DCSS version 0.29-a0-96-g93358da72b (webtiles) character file.

Game seed: 5413082001683166214

11 cyrus the Shield-Bearer (level 2, -12/25 HPs)
             Began as a Formicid Fighter on Feb 11, 2022.
             Engulfed by a lava snake's steam (14 damage)
             ... in the Dungeon (Sprint II: "The Violet Keep of Menkaure").
             The game lasted 00:00:38 (263 turns).

cyrus the Shield-Bearer (Formicid Fighter)           Turns: 263, Time: 00:00:39

Health: -12/25     AC:  7    Str: 20    XL:     2   Next: 35%
Magic:  2/2        EV:  9    Int:  7    God:
Gold:   243        SH:  4    Dex: 10    Spells: 1/1 levels left

rFire   . . .      SeeInvis +   a - +0 trident
rCold   . . .      Faith    .   c - +0 buckler
rNeg    . . .      Spirit   .   b - +0 scale mail
rPois   .          Reflect  .   (helmet unavailable)
rElec   .          Harm     .   (no cloak)
rCorr   .          Rampage  .   (no gloves)
Will    .....                   (no boots)
Stlth   ..........              (no amulet)
HPRegen 0.08/turn               (no ring)
MPRegen 0.08/turn               (no ring)

@: very slow
A: permanent stasis, dig shafts and tunnels, antennae 3, four strong arms
a: Dig


You were in the Dungeon.
You visited 1 branch You collected 243 gold pieces.

Inventory:

Hand Weapons
 a - a +0 trident (weapon)
Armour
 b - a +0 scale mail (worn)
 c - a +0 buckler (worn)
Potions
 d - a potion of might
 e - a potion of curing
 g - 2 potions of magic


   Skills:
 + Level 4.2 Fighting
 + Level 2.6 Polearms
 + Level 4.1 Armour
 + Level 4.4 Shields


You had one spell level left.
You didn't know any spells.
Your spell library was empty.

Dungeon Overview and Level Annotations

Branches:
Dungeon (1/1)

Altars:


Innate Abilities, Weirdness & Mutations

You cannot be hasted, slowed, berserked, paralysed or teleported.
You can dig through walls and to a lower floor.
You have a pair of large antennae on your head. (SInv)
Your four strong arms can wield two-handed weapons with a shield.


Message History

You kill the worm!
There is an open door here.
Things that are here:
a worm corpse; a worm corpse You start resting.
You start resting.
HP restored.
You start waiting.
Done waiting.
There is an open door here.
Found 243 gold pieces.
You now have 243 gold pieces.
You open the door.
The lava snake hisses angrily. x2
There is an open door here.
You enter the shallow water.
Moving in this stuff is going to be slow.
The walls and floor vibrate strangely for a moment.
The lava snake hisses angrily.
Really walk into a travel-excluded area? [Y]es or [N]o only, please.
Really walk into a travel-excluded area? [Y]es or [N]o only, please.
Really walk into a travel-excluded area? [Y]es or [N]o only, please.
Really walk into a travel-excluded area?
Okay, then.
The lava snake hisses angrily.
You open the gate. The lava snake spits lava at you.
The glob of lava misses you. The lava snake spits lava at you.
The glob of lava hits you!
Unknown command.
The lava snake spits lava at you. The glob of lava hits you!
* * * LOW HITPOINT WARNING * * *
You are engulfed in a cloud of scalding steam.
Ouch! That really hurt!
You die...

#+# .. { ##.## .#
..+ +.<.+ ..### ..#≈
{ ##.## { ....# ##≈#
##'## #..§..
#≈≈####.#.####≈≈....
≈≈≈#.##..#§≈≈≈≈≈≈.
#≈###..##≈≈§≈§§≈≈
{#≈@##'##≈≈≈§§≈§≈§
##§§≈≈≈≈≈≈≈§§≈≈§≈ {
#'○'#+++#≈§§§≈≈§ {{
#☼SS°○§≈##≈≈§###
°○○SS°°§≈##≈≈# {
+≈§°°°○≈°§≈§+≈≈#
##°°°○☼°°○§## ≈≈≈ {
##°○°°○°○## ####
####+#### §§≈


You could see 4 lava snakes.

Vanquished Creatures
  3 worms (D)
3 creatures vanquished.

Vanquished Creatures (others)
  Menkaure (D)
  A water moccasin (D)
2 creatures vanquished.

Grand Total: 5 creatures vanquished

Notes
Turn   | Place    | Note
-------+----------+-------------------------------------------
     0 | D        | cyrus the Formicid Fighter began the quest for the Orb.
     0 | D        | Reached XP level 1. HP: 18/18 MP: 1/1
    18 | D        | Reached XP level 2. HP: 15/25 MP: 2/2
    20 | D        | Killed Menkaure
    51 | D        | Killed a water moccasin
   246 | D        | Noticed a lava snake
   246 | D        | Noticed a lava snake
   247 | D        | Noticed a lava snake
   260 | D        | Noticed a lava snake
   263 | D        | Engulfed by a lava snake's steam

Illustrated notes

Levels and vault maps discovered:
D:        the_violet_keep_of_menkaure [sprint2_stairs_cluster_1,
          sprint2_shoproom, sprint2_temple, sprint2_basic_supplies,
          sprint2_obstacle_5, sprint2_obstacle_4, sprint2_obstacle_1,
          sprint2_obstacle_7, sprint2_obstacle_3, sprint2_timed_cluster_1,
          sprint2_smallroom_cluster_1, sprint2_smallroom_final_cluster_1,
          sprint2_transparent_cluster_1, sprint2_second_timed_cluster_1,
          sprint2_sniper_area_1, sprint2_heavy_combat_area_1,
          sprint2_mutation_trap_area_1, sprint2_forest_area_1,
          sprint2_light_combat_area_1, sprint2_behind_water_1,
          sprint2_near_end_vault_1]

Skill      XL: |  1 |
---------------+----+-----
Shields        | 4 |  4.4
Fighting       | 4 |  4.2
Armour         | 4 |  4.1
Polearms       | |  2.6

Action                   || total
-------------------------++-------
Melee: Trident           ||    15
  Use: Potion            ||     1
Armor: Scale mail        ||     1
Dodge: Dodged            ||     3
Block: Buckler           ||     1

Table legend: (Time is in decaauts)
 A = Elapsed time spent in this place.
 B = Non-inter-level travel time spent in this place.
 C = Inter-level travel time spent in this place.
 D = Time resting spent in this place.
 E = Time spent auto-exploring this place.
 F = Levels seen in this place.
 G = Mean time per level.
                   A        B        C        D        E       F      G
               +--------+--------+--------+--------+--------+-----+--------+
         Total |    274 |    267 |      7 |    214 |      0 |   1 |  274.0 |
       Dungeon |    274 |    267 |      7 |    214 |      0 |   1 |  274.0 |
               +--------+--------+--------+--------+--------+-----+--------+

Top non-repeatable levels by time:
       D: 274 daAuts
